 Dungeon Crawl Stone Soup version 0.28-a0-863-g8cecda6153 (webtiles) character file.

Game seed: 9979458745752035821

246 sanka the Chopper (level 5, -7/43 HPs)
             Began as a Palentonga Abyssal Knight on Nov 16, 2021.
             Was a Believer of Lugonu.
             Mangled by Natasha (13 damage)
             ... on level 3 of the Dungeon.
             The game lasted 00:05:10 (3886 turns).

sanka the Chopper (Palentonga Abyssal Knight)       Turns: 3886, Time: 00:05:11

Health: -7/43      AC:  4    Str: 18    XL:     5   Next: 84%
Magic:  7/7        EV:  9    Int: 10    God:    Lugonu [**....]
Gold:   32         SH:  0    Dex: 10    Spells: 4/4 levels left

rFire   . . .      SeeInvis +   a - +1 hand axe
rCold   + . .      Faith    .   (no shield)
rNeg    . . .      Spirit   .   b - +0 leather armour
rPois   .          Reflect  .   (no helmet)
rElec   .          Harm     .   (no cloak)
rCorr   .          Rampage  .   (no gloves)
Will    .....                   (no barding)
Stlth   +.........              (no amulet)
HPRegen 0.14/turn               (no ring)
MPRegen 0.10/turn               f - ring of protection from cold

@: slowed, very slow
A: large, rugged brown scales 3, see invisible, deformed body, roll 1, armoured
tail
a: Rolling Charge, Renounce Religion, Depart the Abyss, Bend Space


You were on level 3 of the Dungeon.
You worshipped Lugonu.
Lugonu was pleased with you.
You visited 1 branch of the dungeon, and saw 4 of its levels.
You visited the Abyss 1 time.

You collected 32 gold pieces.


Innate Abilities, Weirdness & Mutations

You are completely covered in rugged brown scales. (AC +3, +7% HP)
You have supernaturally acute eyesight. (SInv)
Armour fits poorly on your strangely shaped body.
You can roll at nearby foes to attack.
You have a long armoured tail.


   Skills:
 - Level 3.0 Fighting
 - Level 6.0 Axes
 - Level 1.5 Armour
 - Level 0.7 Dodging
 + Level 2.7 Invocations


You had 4 spell levels left.
You didn't know any spells.
Your spell library contained the following spells:

 Spells                   Type           Power      Damage    Failure   Level
 Fireball                 Conj/Fire      0%         3d3       100%        5
 Starburst                Conj/Fire      0%         6d3       100%        6
 Ignition                 Fire           0%         3d3       100%        8

Inventory:

Hand Weapons
 a - a +1 hand axe (weapon)
Armour
 b - a +0 leather armour (worn)
Magical Staves
 e - a staff of fire
Jewellery
 f - a ring of protection from cold (right hand)
Scrolls
 d - 3 scrolls of identify {unknown}
 g - a scroll of noise {unknown}
 i - a scroll of magic mapping {unknown}
Potions
 c - 2 potions of mutation {unknown}
 h - 2 potions of curing {unknown}

Dungeon Overview and Level Annotations

Branches:
Dungeon (4/15)
 Temple: D:4-7

Altars:
Nemelex Xobeh

Annotations:
D:3 Natasha

▒▒▒▒....▒▒...
▒.......''...
▒.......▒▒...
▒.......▒▒.).
▒▒▒▒▒▒▒▒▒▒▒.......▒▒÷..
▒...†.....'.......▒▒▒.▒
▒.▒▒▒▒▒▒▒▒▒.......▒▒▒.▒
▒.▒▒▒▒▒▒▒▒▒...........▒
▒.▒...Hh...............
▒.▒.▒▒.5...............
▒.▒.▒▒▒▒▒▒▒▒▒.▒▒▒▒▒▒▒▒▒
▒.▒.▒ ▒.▒ ▒.▒.▒ ▒.▒
▒.▒.▒▒▒▒▒▒▒▒▒.▒
▒.▒.>.......▒.▒▒▒▒▒▒
▒.▒▒▒▒▒▒▒▒▒.▒......▒
▒.▒ ▒.▒▒▒▒▒▒.▒


You could see an iron imp (summoned) and Natasha (strong).


Message History

Unknown command.
You barely miss Natasha.
Your tail-slap misses Natasha.
Natasha is moderately wounded.
Natasha barely misses you.
Natasha casts a spell.
You hit Natasha.
Natasha is heavily wounded.
You closely miss the iron imp. Natasha misses you. The iron imp hits you.
You barely miss Natasha.
Natasha is heavily wounded.
You hit the iron imp. Natasha claws you! The iron imp closely misses you.
Natasha claws you!
* * * LOW HITPOINT WARNING * * *
You hit Natasha.
Natasha is severely wounded.
You barely miss the iron imp. The iron imp hits you.
* * * LOW HITPOINT WARNING * * *
Natasha claws you!
* * * LOW HITPOINT WARNING * * *
You closely miss Natasha.
Natasha is severely wounded.
You hit the iron imp but do no damage. Natasha claws you!
You die...

Action                   |  1- 3 |  4- 6 || total
-------------------------+-------+-------++-------
Melee: Hand axe          |    77 |   105 ||   182
       Tailslap          |     8 |     9 ||    17
 Abil: Rolling Charge    |       |     2 ||     2
Armor: Leather armour    |    25 |    62 ||    87
Dodge: Dodged            |    45 |    79 ||   124

Levels and vault maps discovered:
D:1:      amcnicky_arrival_underground_garden, layout_basic,
          minmay_tree_intersection, moated_statue,
          minmay_misc_feat_secret_circle, kennysheep_decorative_pillar
D:2:      layout_loops_cross, basic_altar, st_stairs_5, chequers_garden,
          nicolae_wormholes
D:3:      layout_basic
D:4:      layout_rooms, uniq_natasha

Notes
Turn   | Place    | Note
-------+----------+-------------------------------------------
     0 | Abyss:1  | sanka the Palentonga Abyssal Knight began the quest for the
                  | Orb.
     0 | Abyss:1  | Reached XP level 1. HP: 19/19 MP: 2/2
    15 | Abyss:1  | Noticed a lorocyproca
    26 | D:1      | Escaped the Abyss
   253 | D:1      | Reached XP level 2. HP: 24/25 MP: 3/3
   816 | D:2      | Reached skill level 3 in Axes
  1169 | D:1      | Reached XP level 3. HP: 29/31 MP: 4/4
  1259 | D:2      | Reached skill level 4 in Axes
  1701 | D:2      | Reached XP level 4. HP: 31/37 MP: 5/5
  1789 | D:2      | Reached ** piety under Lugonu
  2234 | D:2      | Found a sparkling altar of Nemelex Xobeh.
  2571 | D:3      | Reached skill level 5 in Axes
  2936 | D:3      | Noticed an ice beast
  3254 | D:3      | Reached XP level 5. HP: 40/43 MP: 6/6
  3649 | D:3      | Killed an ice beast
  3650 | D:3      | Reached skill level 6 in Axes
  3877 | D:4      | Noticed Natasha
  3886 | D:3      | Mangled by Natasha

Vanquished Creatures
  An ice beast (D:3)
  3 gnolls
  5 adders
  5 worms
  A dart slug (D:1)
  2 orcs (D:3)
  8 ball pythons
  3 bats
  7 endoplasms
  2 giant cockroaches
  4 goblins
  8 hobgoblins
  5 kobolds
  2 quokkas
  7 frilled lizards
  A rat (D:3)
64 creatures vanquished.
